[Event "ICC tourney 2216 (45 10)"]
[Site "Internet Chess Club"]
[Date "2020.12.19"]
[Round "2"]
[White "ayanloveschess"]
[Black "baldwinsthename"]
[Result "0-1"]
[ICCResult "White checkmated"]
[WhiteElo "1112"]
[BlackElo "1215"]
[Opening "Petrov's defense"]
[ECO "C42"]
[NIC "RG.03"]
[Time "12:32:06"]
[PlyCount "76"]
[TimeControl "2700+10"]

1. e4 e5 2. Nf3 Nf6 3. Nxe5 Nc6 4. Nxc6 dxc6 5. Nc3 Bc5 6. Be2 h5 7. d3 Qd6
8. Bf3 Bg4 9. h3 Bxf3 10. Qxf3 O-O-O 11. Bf4 Qd4 12. Be3 Qb4 13. Qf5+ Nd7
14. Rb1 Bxe3 15. fxe3 Qe7 16. b4 Rh6 17. b5 g6 18. Qf2 Qc5 19. Na4 Qa3 20.
bxc6 Qxa4 21. cxd7+ Rxd7 22. O-O a6 23. Rb2 Rh8 24. Rfb1 b6 25. Qd2 Rd6 26.
Qc3 Re8 27. Rb4 Qa5 28. R1b3 Kb7 29. Ra3 Qg5 30. Rc4 Qxe3+ 31. Kh1 Qc1+ 32.
Kh2 Qf4+ 33. Kg1 Rf6 34. Qe1 h4 35. Rac3 Re7 36. e5 Qg3 37. Qxg3 hxg3 38.
exf6 Re1# { White checkmated } 0-1

[Event "ICC tourney 2216 (45 10)"]
[Site "Internet Chess Club"]
[Date "2020.12.19"]
[Round "2"]
[White "chessbud"]
[Black "wanderingeigeas"]
[Result "0-1"]
[ICCResult "White checkmated"]
[WhiteElo "1251"]
[BlackElo "1170"]
[Opening "Queen's pawn"]
[ECO "A40"]
[NIC "QO.17"]
[Time "12:31:27"]
[PlyCount "90"]
[TimeControl "2700+10"]

1. d4 e6 2. Bf4 d5 3. Nf3 c5 4. c3 Qb6 5. Qc1 Nc6 6. e3 Nf6 7. Nbd2 Nh5 8.
Bg3 Nxg3 9. hxg3 Bd6 10. Bd3 h6 11. Rb1 c4 12. Bc2 O-O 13. Rh4 Qc7 14. Rh3
e5 15. Ke2 Bxh3 16. gxh3 e4 17. Nh2 Ne7 18. Qh1 Nf5 19. Rg1 Bxg3 20. Nhf1
Bh4 21. Qg2 Qb6 22. f3 Bg5 23. fxe4 Nh4 24. Qg4 Qxb2 25. Bb1 Rfe8 26. e5
Qxc3 27. Qh5 f6 28. Nf3 Qb2+ 29. N1d2 Nxf3 30. Qxf3 c3 31. Qxd5+ Kh8 32.
Qe4 Qxd2+ 33. Kf1 Kg8 34. Rxg5 hxg5 35. Qh7+ Kf8 36. exf6 Qd1+ 37. Kf2 gxf6
38. Bg6 Qd2+ 39. Kf1 Qc1+ 40. Kf2 Qxe3+ 41. Kg2 Qd2+ 42. Kg3 Qf4+ 43. Kg2
Re2+ 44. Kg1 Qf2+ 45. Kh1 Qh2# { White checkmated } 0-1

[Event "ICC tourney 2216 (45 10)"]
[Site "Internet Chess Club"]
[Date "2020.12.19"]
[Round "2"]
[White "FreddyPatzer"]
[Black "notarnav"]
[Result "0-1"]
[ICCResult "White checkmated"]
[WhiteElo "1319"]
[BlackElo "1192"]
[Opening "Sicilian: Nimzovich-Rossolimo attack (without ...d6)"]
[ECO "B30"]
[NIC "SI.31"]
[Time "12:31:20"]
[PlyCount "104"]
[TimeControl "2700+10"]

1. e4 c5 2. Nf3 Nc6 3. Bb5 e6 4. O-O Nf6 5. e5 Nd5 6. Nc3 Nxc3 7. dxc3 a6
8. Bxc6 bxc6 9. c4 Be7 10. Be3 O-O 11. Qd2 Rb8 12. b3 Bb7 13. Rad1 Bc8 14.
Ng5 Qc7 15. Qc3 f6 16. exf6 Bxf6 17. Qd3 Bxg5 18. Bxg5 d5 19. Rfe1 Qf7 20.
Bh4 Re8 21. Re3 d4 22. Re5 Qf8 23. Rde1 Rb7 24. Qh3 Rf7 25. Bg3 Rf5 26.
R1e4 Rxe5 27. Rxe5 g6 28. Qh4 Rd8 29. Rxc5 d3 30. cxd3 Rxd3 31. h3 Qxc5 32.
Qf6 Rxg3 33. Kh2 Rd3 34. Qf4 Qd6 35. Qxd6 Rxd6 36. Kg3 Rd2 37. f4 Rxa2 38.
Kg4 Rxg2+ 39. Kh4 Rb2 40. Kg5 Rxb3 41. h4 Kg7 42. h5 Rg3+ 43. Kh4 Rc3 44.
Kg5 a5 45. h6+ Kf7 46. f5 exf5 47. c5 a4 48. Kf4 a3 49. Ke5 a2 50. Kd6 a1=Q
51. Kxc6 Qa5 52. Kd6 Qxc5# { White checkmated } 0-1

[Event "ICC tourney 2216 (45 10)"]
[Site "Internet Chess Club"]
[Date "2020.12.19"]
[Round "3"]
[White "drewmartin"]
[Black "RisshiNaavaal"]
[Result "0-1"]
[ICCResult "White checkmated"]
[WhiteElo "741"]
[BlackElo "1092"]
[Opening "French defense"]
[ECO "C00"]
[NIC "FR.01"]
[Time "15:01:27"]
[PlyCount "40"]
[TimeControl "2700+10"]

1. e4 e6 2. Nf3 d5 3. Bd3 Nf6 4. e5 Nfd7 5. Nc3 c5 6. Bb5 a6 7. Bxd7+ Bxd7
8. d3 d4 9. Ne4 Nc6 10. a3 Qc7 11. Bf4 Be7 12. O-O h6 13. g3 g5 14. Bd2 g4
15. Nh4 Bxh4 16. gxh4 O-O-O 17. Nd6+ Kb8 18. Nxf7 Nxe5 19. Nxd8 Nf3+ 20.
Kh1 Qxh2# { White checkmated } 0-1

[Event "ICC tourney 2216 (45 10)"]
[Site "Internet Chess Club"]
[Date "2020.12.19"]
[Round "3"]
[White "ArjunaZ"]
[Black "ayanloveschess"]
[Result "0-1"]
[ICCResult "White checkmated"]
[WhiteElo "965"]
[BlackElo "1112"]
[Opening "Four knights: Scotch, 4...exd4"]
[ECO "C47"]
[NIC "KP.06"]
[Time "15:01:28"]
[PlyCount "104"]
[TimeControl "2700+10"]

1. e4 e5 2. Nf3 Nc6 3. Nc3 Nf6 4. d4 exd4 5. Nxd4 d5 6. Nxc6 bxc6 7. exd5
Nxd5 8. Bc4 Be6 9. O-O Nxc3 10. Qxd8+ Rxd8 11. Bxe6 Ne2+ 12. Kh1 fxe6 13.
Be3 c5 14. Rfe1 Nd4 15. Bxd4 cxd4 16. Rxe6+ Kf7 17. Rc6 Rd7 18. Ra6 Bc5 19.
h3 Rhd8 20. b4 Bb6 21. Rd1 d3 22. cxd3 Rxd3 23. Rxd3 Rxd3 24. b5 Rd2 25. f3
Rb2 26. Ra4 Rxb5 27. Rh4 h6 28. Re4 Ra5 29. a4 Bc5 30. g4 Bd6 31. Rc4 Rc5
32. Re4 Rc1+ 33. Kg2 Rc2+ 34. Kf1 Rh2 35. Re3 Rxh3 36. Rb3 Rh1+ 37. Ke2 Ra1
38. Rb5 Rxa4 39. Rf5+ Kg8 40. Ke3 a5 41. g5 hxg5 42. Rxg5 Bf4+ 43. Kd3 Bxg5
44. Kc3 Rb4 45. Kc2 Be7 46. Kc3 a4 47. Kd3 a3 48. Ke3 a2 49. f4 a1=Q 50. f5
Qc3+ 51. Ke2 Rb2+ 52. Kd1 Qd2# { White checkmated } 0-1

[Event "ICC tourney 2216 (45 10)"]
[Site "Internet Chess Club"]
[Date "2020.12.19"]
[Round "3"]
[White "Honeybrook"]
[Black "ashvathk5"]
[Result "0-1"]
[ICCResult "White resigns"]
[WhiteElo "1332"]
[BlackElo "986"]
[Opening "Scotch gambit: Dubois-Réti defense"]
[ECO "C55"]
[NIC "KP.02"]
[Time "15:01:52"]
[PlyCount "57"]
[TimeControl "2700+10"]

1. e4 e5 2. Bc4 Nf6 3. d4 exd4 4. Nf3 Nc6 5. e5 d5 6. Bb5 Ne4 7. Nxd4 Bd7
8. Bxc6 bxc6 9. O-O Bc5 10. f3 Ng5 11. f4 Ne4 12. Be3 O-O 13. Nd2 Nxd2 14.
Qxd2 Qb8 15. c3 Qb6 16. b4 Bxd4 17. Bxd4 Qb8 18. Bc5 Re8 19. c4 Be6 20. f5
Bc8 21. cxd5 cxd5 22. Qxd5 Bb7 23. Qd4 c6 24. Bd6 Qd8 25. Qg4 f6 26. exf6
Qxf6 27. Bc5 Ba6 28. Rf3 Qxa1+ 29. Rf1 { White resigns } 0-1

[Event "ICC tourney 2216 (45 10)"]
[Site "Internet Chess Club"]
[Date "2020.12.19"]
[Round "3"]
[White "Maximusiv"]
[Black "thomasguchess"]
[Result "1-0"]
[ICCResult "Black checkmated"]
[WhiteElo "1011"]
[BlackElo "631"]
[Opening "Two knights defense"]
[ECO "C55"]
[NIC "KP.02"]
[Time "15:01:38"]
[PlyCount "67"]
[TimeControl "2700+10"]

1. e4 e5 2. Nf3 Nc6 3. Bc4 Nf6 4. d4 exd4 5. O-O d5 6. e5 Ne4 7. Bb5 Bd7 8.
Bf4 Nxe5 9. Bxd7+ Nxd7 10. Nxd4 g6 11. Re1 Bg7 12. f3 Bxd4+ 13. Qxd4 O-O
14. fxe4 dxe4 15. Rxe4 Re8 16. Nc3 c5 17. Rxe8+ Qxe8 18. Qe3 Qd8 19. Rd1
Qc8 20. Bh6 Nf6 21. Qe5 Qc6 22. Rd6 Qe8 23. Qxe8+ Nxe8 24. Rd7 b6 25. Ne4
Rc8 26. Rxa7 Rd8 27. Rb7 Rd1+ 28. Kf2 Rh1 29. h3 Ra1 30. Rxb6 Rxa2 31. Rb8
f5 32. Ng5 Ra8 33. Rxa8 c4 34. Rxe8# { Black checkmated } 1-0

[Event "ICC tourney 2216 (45 10)"]
[Site "Internet Chess Club"]
[Date "2020.12.19"]
[Round "3"]
[White "baldwinsthename"]
[Black "notarnav"]
[Result "1/2-1/2"]
[ICCResult "Game drawn by mutual agreement"]
[WhiteElo "1215"]
[BlackElo "1192"]
[Opening "Blackmar gambit"]
[ECO "D00"]
[NIC "QP.08"]
[Time "15:01:26"]
[PlyCount "42"]
[TimeControl "2700+10"]

1. d4 d5 2. e4 dxe4 3. Nc3 Nf6 4. f3 exf3 5. Qxf3 e6 6. Bf4 Nc6 7. O-O-O
Bd6 8. Be5 Bd7 9. Bb5 a6 10. Bd3 Bxe5 11. dxe5 Nxe5 12. Qg3 Nxd3+ 13. Rxd3
O-O 14. Nge2 Qb8 15. Rf1 Nd5 16. Nxd5 exd5 17. Rxd5 Bb5 18. Rf2 c6 19. Rg5
Qxg3 20. Nxg3 Rad8 21. b3 Rd5 { Game drawn by mutual agreement } 1/2-1/2

[Event "ICC tourney 2216 (45 10)"]
[Site "Internet Chess Club"]
[Date "2020.12.19"]
[Round "3"]
[White "andrewj508"]
[Black "aiden004"]
[Result "1/2-1/2"]
[ICCResult "Game drawn by mutual agreement"]
[WhiteElo "1270"]
[BlackElo "1210"]
[Opening "Queen's pawn, Mason variation"]
[ECO "D00"]
[NIC "QP.08"]
[Time "15:01:32"]
[PlyCount "169"]
[TimeControl "2700+10"]

1. d4 d5 2. Bf4 Nf6 3. e3 Nc6 4. Nf3 e6 5. c4 dxc4 6. Bxc4 Be7 7. Nc3 O-O
8. O-O a6 9. Rc1 b5 10. Bb3 Bb7 11. Re1 Bd6 12. Ne5 Bxe5 13. dxe5 Qxd1 14.
Bxd1 Nd7 15. Bf3 Rab8 16. Bxc6 Bxc6 17. Ne2 Rb6 18. Nd4 Nb8 19. Rc5 Bd5 20.
Rxc7 Nc6 21. Nxc6 Rxc6 22. Rxc6 Bxc6 23. Rc1 Bd5 24. a3 h6 25. f3 Bb7 26.
Rc7 Rb8 27. e4 a5 28. Be3 Bc8 29. Ra7 a4 30. Rc7 Kf8 31. Ba7 Ra8 32. Kf2
Ke8 33. Ke3 Bd7 34. Bb6 Rc8 35. Rxc8+ Bxc8 36. Kd4 Bd7 37. Kc5 Ke7 38. Bc7
g6 39. Bd6+ Ke8 40. Kd4 Bc6 41. Kc5 Bd7 42. Kb6 Kd8 43. Bc7+ Ke8 44. Bd6
Kd8 45. Bf8 h5 46. Bg7 Ke8 47. Bf6 Kf8 48. Kc7 Be8 49. h4 Kg8 50. g4 Kf8
51. gxh5 gxh5 52. Kd6 Kg8 53. f4 Kf8 54. f5 exf5 55. exf5 Kg8 56. Ke7 Bc6
57. e6 fxe6 58. Kxe6 Be4 59. Bd8 Bd3 60. f6 Bg6 61. Ke5 Kf7 62. Kf4 Bd3 63.
Kg5 Be2 64. Be7 Bd1 65. Kf5 Be2 66. Ke5 Bd1 67. Kd4 Be2 68. Kc3 Bf3 69. b3
Bc6 70. b4 Bd7 71. Kd4 Bg4 72. Kd5 Be2 73. Ke4 Bc4 74. Kf4 Be6 75. Kg5 Bg4
76. Kh6 Bf3 77. Kh7 Bg4 78. Kh6 Bf3 79. Kg5 Bg4 80. Kf4 Be2 81. Ke5 Bc4 82.
Bc5 Bd3 83. Be3 Be2 84. Bh6 Bd3 85. Bg7 { Game drawn by mutual agreement }
1/2-1/2

[Event "ICC tourney 2216 (45 10)"]
[Site "Internet Chess Club"]
[Date "2020.12.19"]
[Round "3"]
[White "auggie29"]
[Black "edisonzhou"]
[Result "1-0"]
[ICCResult "Black checkmated"]
[WhiteElo "1095"]
[BlackElo "1218"]
[Opening "Caro-Kann: advance variation"]
[ECO "B12"]
[NIC "CK.04"]
[Time "15:01:38"]
[PlyCount "63"]
[TimeControl "2700+10"]

1. e4 c6 2. d4 d5 3. e5 Bf5 4. c3 Nd7 5. g4 Bg6 6. h4 h6 7. Bd3 Bxd3 8.
Qxd3 e6 9. Be3 c5 10. Ne2 Qb6 11. Qc2 Rc8 12. f4 cxd4 13. Bxd4 Bc5 14. Qd2
Bxd4 15. cxd4 Ne7 16. Nbc3 Qc7 17. Nb5 Qd8 18. Nd6+ Kf8 19. Nxc8 Nxc8 20.
f5 Qe7 21. Rc1 Ncb6 22. a4 Nc4 23. Qc3 Kg8 24. b3 Ncb6 25. a5 Na8 26. Kf2
Kh7 27. Qd3 g6 28. f6 Qb4 29. h5 Rg8 30. hxg6+ fxg6 31. g5 h5 32. Rxh5# {
Black checkmated } 1-0

[Event "ICC tourney 2216 (45 10)"]
[Site "Internet Chess Club"]
[Date "2020.12.19"]
[Round "3"]
[White "tundrarules"]
[Black "ethansun188"]
[Result "1/2-1/2"]
[ICCResult "Game drawn by mutual agreement"]
[WhiteElo "1227"]
[BlackElo "1180"]
[Opening "Giuoco Pianissimo: Italian four knights variation"]
[ECO "C50"]
[NIC "IG.02"]
[Time "15:01:35"]
[PlyCount "49"]
[TimeControl "2700+10"]

1. e4 e5 2. Nf3 Nc6 3. Bc4 Bc5 4. Nc3 Nf6 5. d3 h6 6. O-O O-O 7. Re1 d6 8.
Na4 Bb6 9. Nxb6 axb6 10. Be3 Bd7 11. h3 Na5 12. Bd5 Nc6 13. Bb3 Qe7 14. Qd2
Kh7 15. a4 Be6 16. Bxe6 Qxe6 17. b4 Rfd8 18. b5 Na5 19. Qc3 Qd7 20. Rad1
Rac8 21. Nh4 Re8 22. f4 Rcd8 23. fxe5 dxe5 24. Nf5 Re6 25. Rf1 { Game drawn
by mutual agreement } 1/2-1/2

[Event "ICC tourney 2216 (45 10)"]
[Site "Internet Chess Club"]
[Date "2020.12.19"]
[Round "3"]
[White "kiyer"]
[Black "MGrei"]
[Result "0-1"]
[ICCResult "White resigns"]
[WhiteElo "1056"]
[BlackElo "1160"]
[Opening "English: Bremen, reverse dragon"]
[ECO "A22"]
[NIC "EO.10"]
[Time "15:01:29"]
[PlyCount "106"]
[TimeControl "2700+10"]

1. c4 e5 2. Nc3 Nf6 3. g3 d5 4. cxd5 Nxd5 5. Bg2 Be6 6. e3 Nc6 7. Nge2 Ndb4
8. O-O Nd3 9. a3 Be7 10. b4 O-O 11. b5 Na5 12. Qa4 Nb3 13. Rb1 Ndc5 14. Qb4
Qd3 15. Be4 Nxe4 16. Qxe4 Nxc1 17. Nxc1 Qxe4 18. Nxe4 Bxa3 19. d3 f5 20.
Ng5 Bd7 21. Nf3 Rfe8 22. d4 exd4 23. Nxd4 a6 24. Nd3 axb5 25. Nxb5 Bxb5 26.
Rxb5 Rab8 27. Ra1 Bd6 28. Rxf5 b5 29. Ra5 b4 30. Rfb5 b3 31. Kf1 c6 32.
Rxb8 Rxb8 33. Ra1 c5 34. Nb2 Be5 35. Rb1 Bxb2 36. Rxb2 c4 37. Ke2 c3 38.
Rb1 c2 39. Rc1 b2 40. Rxc2 b1=Q 41. Rd2 Rb2 42. Rxb2 Qxb2+ 43. Kf3 Qf6+ 44.
Kg2 h5 45. h4 g5 46. hxg5 Qxg5 47. Kf3 Qf5+ 48. Ke2 Kf7 49. f4 Qg4+ 50. Kf2
Kf6 51. Kg2 h4 52. Kf2 Qxg3+ 53. Ke2 h3 { White resigns } 0-1

[Event "ICC tourney 2216 (45 10)"]
[Site "Internet Chess Club"]
[Date "2020.12.19"]
[Round "3"]
[White "wanderingeigeas"]
[Black "VirginiaGuy"]
[Result "0-1"]
[ICCResult "White resigns"]
[WhiteElo "1170"]
[BlackElo "1371"]
[Opening "Caro-Kann: Steinitz variation"]
[ECO "B17"]
[NIC "CK.08"]
[Time "15:01:29"]
[PlyCount "106"]
[TimeControl "2700+10"]

1. e4 c6 2. d4 d5 3. Nc3 dxe4 4. Nxe4 Nd7 5. Nf3 Ngf6 6. Bd3 Nxe4 7. Bxe4
Nf6 8. Bd3 Bg4 9. Be3 e6 10. O-O Be7 11. c3 O-O 12. Qc2 Bxf3 13. gxf3 Qd5
14. Be4 Qh5 15. Bf4 Nd5 16. Bg3 f5 17. Bxd5 exd5 18. Qe2 Bg5 19. Qe6+ Kh8
20. Be5 Rae8 21. Qd7 Re7 22. Qd6 Rfe8 23. f4 Qf3 24. fxg5 Qg4+ 25. Kh1 Qf3+
26. Kg1 Qg4+ 27. Bg3 Qxg5 28. Qf4 Qh5 29. Qd2 Re2 30. Qd3 Qg4 31. f3 Qg5
32. Rf2 R2e3 33. Qd2 f4 34. Rg2 fxg3 35. hxg3 Qf5 36. f4 Qg4 37. Qf2 Rf3
38. Qd2 Rxg3 39. Rf1 Rxg2+ 40. Qxg2 Qxg2+ 41. Kxg2 Re2+ 42. Rf2 Rxf2+ 43.
Kxf2 h5 44. b3 Kh7 45. c4 Kg6 46. Kg3 Kf5 47. c5 g6 48. b4 Ke4 49. a4 Kxd4
50. Kh4 Ke4 51. Kg5 h4 52. Kxh4 Kxf4 53. b5 d4 { White resigns } 0-1

[Event "ICC tourney 2216 (45 10)"]
[Site "Internet Chess Club"]
[Date "2020.12.19"]
[Round "3"]
[White "rookrulz"]
[Black "chessbud"]
[Result "0-1"]
[ICCResult "White checkmated"]
[WhiteElo "1092"]
[BlackElo "1251"]
[Opening "Queen's pawn: stonewall attack"]
[ECO "D00"]
[NIC "QP.08"]
[Time "15:01:39"]
[PlyCount "122"]
[TimeControl "2700+10"]

1. d4 d5 2. e3 Nf6 3. Bd3 Nc6 4. Nf3 Bg4 5. h3 Bh5 6. g4 Bg6 7. Nbd2 e6 8.
Qe2 Bd6 9. e4 dxe4 10. Nxe4 Qe7 11. Nxf6+ Qxf6 12. Bg5 Nxd4 13. Bxf6 Nxe2
14. Bxg7 Rg8 15. Bh6 Nf4 16. O-O-O Rd8 17. Bg5 Rd7 18. h4 Be7 19. Bxf4 f5
20. Ne5 Bd6 21. Nxd7 Bxf4+ 22. Kb1 Kxd7 23. Bxf5+ Ke7 24. Bxe6 Kxe6 25.
Rhe1+ Kf7 26. Rd7+ Kf6 27. Re4 Bxe4 28. Rd4 Re8 29. g5+ Kg6 30. a3 Bd5 31.
Rxd5 Re1+ 32. Ka2 Re2 33. Rd4 Rxf2 34. c3 Kh5 35. Kb3 Kxh4 36. a4 Kxg5 37.
Kb4 Rxb2+ 38. Kc4 Rd2 39. Re4 Kf5 40. Re7 h5 41. Kb3 h4 42. Rf7+ Kg4 43.
Rh7 h3 44. Kb4 h2 45. c4 Rb2+ 46. Kc5 Rb1 47. a5 h1=Q 48. Rxh1 Rxh1 49. Kb5
Rh5+ 50. Ka4 Kf3 51. Kb4 Ke3 52. c5 Bd6 53. Kb5 Rxc5+ 54. Ka4 Rc4+ 55. Kb3
Kd3 56. a6 b6 57. Kb2 Kd2 58. Kb3 b5 59. Kb2 Rb4+ 60. Ka3 Kc2 61. Ka2 Ra4#
{ White checkmated } 0-1

[Event "ICC tourney 2216 (45 10)"]
[Site "Internet Chess Club"]
[Date "2020.12.19"]
[Round "3"]
[White "Douglas1"]
[Black "FreddyPatzer"]
[Result "1/2-1/2"]
[ICCResult "Game drawn by repetition"]
[WhiteElo "876"]
[BlackElo "1319"]
[Opening "Giuoco Piano: four knights variation"]
[ECO "C55"]
[NIC "IG.01"]
[Time "15:01:27"]
[PlyCount "131"]
[TimeControl "2700+10"]

1. e4 e5 2. Nf3 Nc6 3. Bc4 Nf6 4. Nc3 Bc5 5. O-O a6 6. a4 d6 7. h3 h6 8. d3
Ba7 9. Nd5 O-O 10. Nxf6+ Qxf6 11. c3 Re8 12. Be3 Be6 13. Ba2 Bxa2 14. Rxa2
Na5 15. Nh2 c5 16. Ng4 Qe6 17. c4 Nc6 18. f4 exf4 19. Bxf4 Rad8 20. Ne3 Bb8
21. Nf5 Ne7 22. Nxe7+ Rxe7 23. Bg3 Rf8 24. b3 f5 25. Raf2 Ref7 26. exf5
Rxf5 27. Qg4 Qe3 28. Qe4 Qxe4 29. dxe4 Rxf2 30. Rxf2 Bc7 31. Rxf8+ Kxf8 32.
Kf2 Kf7 33. Kf3 Ke6 34. Kg4 Bd8 35. Kh5 Bf6 36. Kg6 b6 37. Kh5 Bd4 38. Kg4
Be3 39. Kf3 Bc1 40. Kg4 g6 41. h4 h5+ 42. Kf3 Bb2 43. Ke3 Be5 44. Bxe5 Kxe5
45. g3 a5 46. Kd3 Kf6 47. Ke3 g5 48. hxg5+ Kxg5 49. Kf3 Kf6 50. Kf4 Kg6 51.
Kf3 Kg5 52. Ke3 Kg4 53. Kf2 h4 54. gxh4 Kxh4 55. Kf3 Kg5 56. Kg3 Kf6 57.
Kf4 Ke6 58. Kf3 Kf6 59. Kf4 Ke6 60. Kf3 Kf6 61. Kf4 Ke6 62. Kf3 Ke5 63. Ke3
Kf6 64. Kf4 Ke6 65. Kf3 Kf6 66. Kf4 { Game drawn by repetition } 1/2-1/2

[Event "ICC tourney 2216 (45 10)"]
[Site "Internet Chess Club"]
[Date "2020.12.19"]
[Round "3"]
[White "Cougar2020"]
[Black "Ldon22"]
[Result "1-0"]
[ICCResult "Black checkmated"]
[WhiteElo "1305"]
[BlackElo "953"]
[Opening "Sicilian: accelerated fianchetto, modern variation"]
[ECO "B34"]
[NIC "SI.33"]
[Time "15:01:24"]
[PlyCount "131"]
[TimeControl "2700+10"]

1. e4 c5 2. Nf3 Nc6 3. d4 cxd4 4. Nxd4 g6 5. Nc3 Bg7 6. Be3 Nf6 7. f3 O-O
8. Qd2 Nxd4 9. Bxd4 d6 10. Bc4 a6 11. O-O-O b5 12. Be2 Be6 13. Kb1 Qa5 14.
Bxf6 Bxf6 15. Nd5 Qxd2 16. Nxf6+ exf6 17. Rxd2 Rfd8 18. Rhd1 f5 19. exf5
Bxf5 20. Rxd6 Rxd6 21. Rxd6 Re8 22. Rd2 Rc8 23. a3 Rc6 24. Bd3 Be6 25. Be4
Rb6 26. Rd3 Bc4 27. Rd2 Kg7 28. Bd3 Be6 29. Be4 f5 30. Bd3 Kf6 31. Be2 a5
32. g4 fxg4 33. fxg4 b4 34. axb4 axb4 35. Rd3 Kg5 36. Rd4 Kh4 37. Bf1 b3
38. c4 Kg5 39. h3 Rc6 40. Kc1 Ra6 41. Kd2 Ra1 42. Bd3 Rh1 43. c5 Rxh3 44.
c6 Rh2+ 45. Kc3 Rh1 46. Kb4 Bxg4 47. Rxg4+ Kxg4 48. c7 Rc1 49. Bc4 Rxc4+
50. Kxc4 h5 51. c8=Q+ Kg5 52. Qc5+ Kh6 53. Qe3+ Kg7 54. Qg5 Kf7 55. Kxb3
Kg7 56. Kc3 Kf7 57. b4 Ke6 58. b5 Kd7 59. b6 Kc6 60. Qxg6+ Kb7 61. Kc4 h4
62. Kc5 h3 63. Kb5 h2 64. Qc6+ Kb8 65. Qc7+ Ka8 66. Qa7# { Black checkmated
} 1-0

[Event "ICC tourney 2216 (45 10)"]
[Site "Internet Chess Club"]
[Date "2020.12.19"]
[Round "4"]
[White "notarnav"]
[Black "andrewj508"]
[Result "0-1"]
[ICCResult "White checkmated"]
[WhiteElo "1192"]
[BlackElo "1270"]
[Opening "Ruy Lopez: Lucena defense"]
[ECO "C60"]
[NIC "RL.01"]
[Time "17:31:33"]
[PlyCount "82"]
[TimeControl "2700+10"]

1. e4 e5 2. Nf3 Nc6 3. Bb5 Be7 4. d3 Nf6 5. Bxc6 dxc6 6. Nxe5 Bd6 7. Nf3
Bg4 8. h3 Bxf3 9. Qxf3 O-O 10. O-O h6 11. Re1 Re8 12. Nc3 Qe7 13. a3 Qe5
14. g3 Qe6 15. Kg2 Nd7 16. Bf4 Ne5 17. Bxe5 Bxe5 18. Qf5 Qd6 19. f4 Bd4 20.
Qg4 Qc5 21. Nd1 Qxc2+ 22. Qe2 Qc5 23. Rc1 Qxc1 24. Nc3 Qe3 25. Qxe3 Bxe3
26. Rxe3 Rad8 27. Kf3 Kf8 28. e5 Rd4 29. b3 Red8 30. Ke2 a5 31. Kd2 b5 32.
Ne2 R4d7 33. Kc3 c5 34. f5 Re7 35. Nf4 c6 36. g4 b4+ 37. axb4 axb4+ 38. Kc2
Ra8 39. Kb2 Rea7 40. Kc2 Ra1 41. Kd2 R8a2# { White checkmated } 0-1

[Event "ICC tourney 2216 (45 10)"]
[Site "Internet Chess Club"]
[Date "2020.12.19"]
[Round "4"]
[White "Ldon22"]
[Black "drewmartin"]
[Result "0-1"]
[ICCResult "White checkmated"]
[WhiteElo "953"]
[BlackElo "741"]
[Opening "Ruy Lopez: Caro variation"]
[ECO "C70"]
[NIC "RL.09"]
[Time "17:31:30"]
[PlyCount "112"]
[TimeControl "2700+10"]

1. e4 e5 2. Nf3 Nc6 3. Bb5 a6 4. Ba4 b5 5. Bb3 Nf6 6. Nc3 Bc5 7. d3 Ng4 8.
O-O Qf6 9. Bg5 Qd6 10. h3 Nxf2 11. Rxf2 Bxf2+ 12. Kxf2 f6 13. Be3 Nb4 14.
a3 Nc6 15. Nd5 Bb7 16. c4 Na5 17. cxb5 Nxb3 18. Qxb3 Bxd5 19. exd5 axb5 20.
Qxb5 O-O 21. Bc5 Qa6 22. Qxa6 Rxa6 23. Bxf8 Kxf8 24. Rc1 c6 25. dxc6 dxc6
26. Nd2 Ke7 27. Ne4 f5 28. Nc5 Ra5 29. Ke3 Kf6 30. Nb7 Rb5 31. Rxc6+ Kg5
32. Nd6 f4+ 33. Ke4 Rxb2 34. Nf7+ Kh4 35. Nxe5 Kg3 36. Rc7 Re2+ 37. Kf5 g6+
38. Kg5 Rxe5+ 39. Kf6 Rf5+ 40. Kg7 Kxg2 41. Rc2+ Kxh3 42. Kxh7 g5 43. Kg6
Rd5 44. a4 f3 45. Kh5 g4+ 46. Kg6 g3 47. d4 g2 48. Rc1 f2 49. a5 g1=Q+ 50.
Rxg1 fxg1=Q+ 51. Kf6 Qxd4+ 52. Kg6 Qe4+ 53. Kf7 Rxa5 54. Kg7 Qc6 55. Kf8
Ra7 56. Kg8 Qc8# { White checkmated } 0-1

[Event "ICC tourney 2216 (45 10)"]
[Site "Internet Chess Club"]
[Date "2020.12.19"]
[Round "4"]
[White "Spriggan"]
[Black "rookrulz"]
[Result "1-0"]
[ICCResult "Black checkmated"]
[WhiteElo "810"]
[BlackElo "1092"]
[Opening "Robatsch (modern) defense"]
[ECO "B06"]
[NIC "KF.06"]
[Time "17:32:03"]
[PlyCount "117"]
[TimeControl "2700+10"]

1. e4 g6 2. Nf3 Bg7 3. Nc3 Nf6 4. Bc4 O-O 5. d3 b6 6. Bd2 Bb7 7. Qc1 c5 8.
Bh6 Bxh6 9. Qxh6 Ng4 10. Qh4 h5 11. h3 Nh6 12. g4 e6 13. Qxd8 Rxd8 14. gxh5
gxh5 15. Rg1+ Kh7 16. Ng5+ Kh8 17. O-O-O Rf8 18. Nb5 Nc6 19. Rdf1 a6 20.
Nc3 Nd4 21. Kd2 b5 22. Bb3 f6 23. Nxe6 dxe6 24. f4 Nxb3+ 25. axb3 Rg8 26.
Ne2 Rxg1 27. Rxg1 Rg8 28. Rxg8+ Kxg8 29. Ke3 Kg7 30. d4 cxd4+ 31. Nxd4 e5
32. Ne6+ Kg6 33. f5+ Kh7 34. c4 bxc4 35. bxc4 Nf7 36. Nc5 Bc8 37. Ne6 Kh6
38. h4 Bb7 39. c5 Kh7 40. b3 Kg8 41. b4 Nh6 42. Kd3 Kf7 43. Nd8+ Ke7 44.
Nxb7 Kd7 45. Na5 Kc7 46. Kc4 Nf7 47. Kd5 Kd7 48. Nc4 Nh6 49. c6+ Kc7 50.
Na3 Ng4 51. b5 a5 52. b6+ Kxb6 53. Kd6 Nh2 54. Kd7 Nf3 55. c7 Nxh4 56. c8=Q
Nf3 57. Qc6+ Ka7 58. Nb5+ Kb8 59. Qc8# { Black checkmated } 1-0

[Event "ICC tourney 2216 (45 10)"]
[Site "Internet Chess Club"]
[Date "2020.12.19"]
[Round "4"]
[White "edisonzhou"]
[Black "The-Rider"]
[Result "1-0"]
[ICCResult "Black checkmated"]
[WhiteElo "1218"]
[BlackElo "1266"]
[Opening "QGD: Tarrasch defense"]
[ECO "D32"]
[NIC "TD.10"]
[Time "17:31:35"]
[PlyCount "119"]
[TimeControl "2700+10"]

1. d4 d5 2. c4 e6 3. Nc3 c5 4. Nf3 Nc6 5. e3 Nf6 6. Bd3 Be7 7. O-O O-O 8.
Re1 dxc4 9. Bxc4 cxd4 10. Nxd4 Nxd4 11. Qxd4 Qxd4 12. exd4 Bb4 13. a3 Bxc3
14. bxc3 Nd5 15. Bxd5 exd5 16. Bf4 b5 17. Rab1 a6 18. Re7 Be6 19. Rc7 Rac8
20. Kf1 Rxc7 21. Bxc7 Rc8 22. Ba5 Bf5 23. Re1 Bd3+ 24. Kg1 g6 25. Re5 Bc4
26. g3 f6 27. Re6 Ra8 28. Rxf6 Kg7 29. Re6 Kf7 30. Rc6 Ke7 31. Rc7+ Kd6 32.
Rxh7 g5 33. Rg7 Re8 34. Rxg5 Re1+ 35. Kg2 Ra1 36. Bb4+ Kc6 37. Rg6+ Kb7 38.
Rg7+ Kc6 39. h4 Kb6 40. h5 a5 41. Rg6+ Ka7 42. Bxa5 Rxa3 43. Bb4 Kb7 44. h6
Ra8 45. Rg7+ Kb6 46. Rf7 Rh8 47. Rf6+ Kc7 48. g4 Kd7 49. g5 Bd3 50. Kg3 Rg8
51. f4 Rg6 52. h7 Rxf6 53. h8=Q Rf7 54. Qe5 Kc6 55. Qe6+ Kb7 56. Qxf7+ Kc8
57. Qxd5 Bc4 58. Qc5+ Kd8 59. Qa7 Ke8 60. Qe7# { Black checkmated } 1-0

[Event "ICC tourney 2216 (45 10)"]
[Site "Internet Chess Club"]
[Date "2020.12.19"]
[Round "4"]
[White "auggie29"]
[Black "tundrarules"]
[Result "0-1"]
[ICCResult "White checkmated"]
[WhiteElo "1095"]
[BlackElo "1227"]
[Opening "Giuoco Pianissimo: Italian four knights variation"]
[ECO "C55"]
[NIC "IG.01"]
[Time "17:31:34"]
[PlyCount "112"]
[TimeControl "2700+10"]

1. e4 e5 2. Nf3 Nc6 3. Bc4 Nf6 4. d3 Bc5 5. Nc3 d6 6. h3 Be6 7. Bb3 O-O 8.
O-O h6 9. Be3 Bb6 10. d4 exd4 11. Bxd4 Nxd4 12. Nxd4 Bxb3 13. axb3 Re8 14.
Re1 d5 15. e5 Ne4 16. Nxe4 Rxe5 17. Nc3 Rxe1+ 18. Qxe1 Bxd4 19. Qd2 Bxc3
20. bxc3 c6 21. Rd1 Qf6 22. Qe3 Qe6 23. Qd4 b6 24. Rd3 Re8 25. Rg3 g6 26.
Qf4 Qe1+ 27. Kh2 h5 28. Qc7 Qe5 29. Qxe5 Rxe5 30. Re3 Rxe3 31. fxe3 a5 32.
Kg3 c5 33. Kf4 b5 34. Ke5 a4 35. bxa4 bxa4 36. Kxd5 a3 37. Kxc5 a2 38. Kd5
a1=Q 39. c4 Qa8+ 40. Kd4 Qxg2 41. c5 Qxh3 42. c6 Qe6 43. c7 Qd6+ 44. Ke4
Qxc7 45. Kf3 Qxc2 46. Kg3 Qe4 47. Kh3 Qxe3+ 48. Kh4 Qf4+ 49. Kh3 Qf3+ 50.
Kh2 Qg4 51. Kh1 f5 52. Kh2 f4 53. Kh1 f3 54. Kh2 f2 55. Kh1 f1=Q+ 56. Kh2
Qfg2# { White checkmated } 0-1